 Dungeon Crawl Stone Soup version 0.28-a0-476-g0f06bd7 (webtiles) character file.

Game seed: 7193586030796562974

117521 Illumine the Thaumaturge (level 16, -7/96 HPs)
             Began as a Deep Elf Cinder Acolyte on Sept 15, 2021.
             Was a Believer of Ignis.
             Killed from afar by Aizul (27 damage)
             ... with a poison arrow
             ... on level 1 of the Shoals on Sept 16, 2021.
             The game lasted 01:21:23 (31583 turns).

Illumine the Thaumaturge (Deep Elf Cinder Acolyte) Turns: 31583, Time: 01:21:24

Health: -7/96      AC:  9    Str: 11    XL:     16   Next: 23%
Magic:  5/44       EV: 15    Int: 27    God:    Ignis [**....]
Gold:   717        SH:  0    Dex: 10    Spells: 3/42 levels left

rFire   + + .      SeeInvis .   K - staff of conjuration
rCold   x . .      Faith    .   (no shield)
rNeg    . . .      Spirit   .   b - +2 robe {Will+}
rPois   .          Reflect  .   l - +2 hat {Will+}
rElec   .          Harm     .   L - +0 cloak
rCorr   .          Rampage  .   p - +0 pair of gloves
Will    +++..                   T - +0 pair of boots
Stlth   +.........              u - amulet of regeneration
HPRegen 1.26/turn               f - ring of magical power
MPRegen 0.29/turn               F - ring of fire

@: lethally poisoned (-7 -> -54), very slightly contaminated
A: no striking features
a: Renounce Religion, Sea of Fire, Foxfire Swarm, Rising Flame


You were on level 1 of the Shoals.
You worshipped Ignis.
Ignis was pleased with you.
You visited 4 branches of the dungeon, and saw 24 of its levels.
You also visited: Ossuary.

You collected 2613 gold pieces.
You spent 1896 gold pieces at shops.

Inventory:

Hand Weapons
 V - a +9 war axe of electrocution
Missiles
 z - 3 throwing nets (quivered)
Armour
 b - a +2 robe of willpower (worn)
 l - a +2 hat of willpower (worn)
 p - a +0 pair of gloves (worn)
 L - a +0 cloak (worn)
 T - a +0 pair of boots (worn)
 W - a +0 buckler
Magical Staves
 v - a staff of earth
 K - a staff of conjuration (weapon)
 Q - a staff of fire
Jewellery
 f - a ring of magical power (left hand)
 i - a ring of protection from fire
 r - a ring of positive energy
 u - an amulet of regeneration (around neck)
 F - a ring of fire (right hand)
 H - a ring of ice
 O - a ring of resist corrosion
 S - a ring of flight
 Z - an amulet of magic regeneration
Wands
 a - a wand of polymorph (20)
 c - a wand of iceblast (16)
 s - a wand of paralysis (22)
 X - a wand of charming (13)
 Y - a wand of acid (5)
Scrolls
 q - 7 scrolls of enchant armour
 t - 4 scrolls of vulnerability
 x - a scroll of amnesia {unknown}
 y - 4 scrolls of summoning
 A - 10 scrolls of teleportation
 B - 3 scrolls of immolation
 C - 2 scrolls of fear
 D - 4 scrolls of enchant weapon
 J - 3 scrolls of holy word {unknown}
 N - 3 scrolls of magic mapping
 P - 2 scrolls of torment {unknown}
 R - a scroll of brand weapon {unknown}
Potions
 d - 2 potions of cancellation
 e - a potion of berserk rage {unknown}
 g - 5 potions of ambrosia
 h - 5 potions of haste
 j - 8 potions of flight
 k - 4 potions of curing
 m - 6 potions of heal wounds
 n - a potion of magic {unknown}
 E - 2 potions of lignification
 G - 2 potions of invisibility
 I - 2 potions of mutation
 M - 2 potions of resistance {unknown}
 U - 5 potions of brilliance
Miscellaneous
 o - a tin of tremorstones (2/2)
 w - a phantom mirror


   Skills:
 + Level 9.3 Fighting
 - Level 3.1 Short Blades
 - Level 3.2 Axes
 - Level 3.0 Staves
 + Level 11.5 Dodging
 * Level 2.4 Shields
 + Level 13.6 Spellcasting
 + Level 12.1 Conjurations
 + Level 7.6 Summonings
 - Level 10.0 Fire Magic
 - Level 10.2 Air Magic
 + Level 7.1 Earth Magic
 - Level 3.1 Poison Magic
 + Level 9.6 Evocations


You had 3 spell levels left.
You knew the following spells:

 Your Spells              Type           Power      Damage    Failure   Level
a - Scorch                Fire           100%       2d10      1%          2
b - Mephitic Cloud        Conj/Pois/Air  77%        N/A       1%          3
c - Airstrike             Air            32%        N/A       1%          4
d - Summon Lightning Spi  Summ/Air       61%        N/A       1%          4
e - Lightning Bolt        Conj/Air       43%        1d63      1%          5
f - Iron Shot             Conj/Erth      40%        9d8       9%          6
g - Flame Wave            Conj/Fire      100%       3d16      1%          4
h - Starburst             Conj/Fire      54%        6d15      4%          6
i - Iskenderun's Battles  Conj           90%        2d14      1%          5

Your spell library contained the following spells:

 Spells                   Type           Power      Damage    Failure   Level
 Foxfire                  Conj/Fire      100%       2x1d9     1%          1
 Magic Dart               Conj           100%       1d8       1%          1
 Call Imp                 Summ           56%        N/A       1%          2
 Static Discharge         Conj/Air       87%        N/A       1%          2
 Conjure Flame            Conj/Fire      100%       6-21      1%          3
 Dazzling Flash           Conj/Hex       100%       N/A       1%          3
 Ignite Poison            Fire/Tmut/Pois 58%        N/A       1%          3
 Inner Flame              Hex/Fire       62%        N/A       1%          3
 Stone Arrow              Conj/Erth      100%       3d13      1%          3
 Animate Skeleton         Necr           36%        N/A       3%          1
 Pain                     Necr           72%        1d7       3%          1
 Blink                    Tloc           N/A        N/A       4%          2
 Slow                     Hex            18%        N/A       4%          2
 Sublimation of Blood     Necr           9%         N/A       4%          2
 Confusing Touch          Hex            18%        N/A       9%          3
 Lesser Beckoning         Tloc           18%        N/A       9%          3
 Teleport Other           Tloc           18%        N/A       9%          3
 Vampiric Draining        Necr           9%         2d7       9%          3
 Animate Armour           Summ/Erth      100%       N/A       1%          4
 Sticky Flame             Conj/Fire      100%       2d11      1%          4
 Iskenderun's Mystic Bla  Conj/Tloc      67%        2d14      2%          4
 Freezing Cloud           Conj/Ice/Air   36%        6-21      3%          5
 Petrify                  Tmut/Erth      37%        N/A       7%          4
 Irradiate                Conj/Tmut      33%        3d25      7%          5
 Summon Forest            Summ/Tloc      19%        N/A       17%         5
 Summon Cactus Giant      Summ           28%        N/A       19%         6
 Dispel Undead            Necr           18%        3d11      28%         4
 Passage of Golubria      Tloc           N/A        N/A       28%         4
 Spellforged Servitor     Conj/Summ      41%        N/A       41%         7
 Agony                    Necr           18%        N/A       63%         5
 Blade Hands              Tmut           9%         N/A       63%         5
 Manifold Assault         Tloc           18%        N/A       63%         5
 Metabolic Englaciation   Hex/Ice        9%         N/A       63%         5
 Yara's Violent Unravell  Hex/Tmut       9%         3d6       63%         5
 Summon Hydra             Summ           28%        N/A       71%         7
 Eringya's Noxious Bog    Tmut/Pois      13%        N/A       94%         6
 Lehudib's Crystal Spear  Conj/Erth      40%        10d10     98%         8


Dungeon Overview and Level Annotations

Branches:
Dungeon (15/15)            Temple (0/1) D:7            Lair (6/6) D:10
 Shoals (1/4) Lair:2       Spider (0/4) Lair:2        Slime (0/5) Lair:6
    Orc (2/2) D:12            Elf (0/3) Orc:2        Vaults (0/5) D:14
 Depths (0/5) D:15        Ossuary (visited)

Altars:
Ashenzari
Cheibriados
Dithmenos
Fedhas
Gozag
Kikubaaqudgha
Nemelex Xobeh
Sif Muna
Uskayaw
Wu Jian
The Shining One
Beogh
Jiyva

Shops:
D:3 [   D:13 (:   Orc:2 *[[((:

Annotations:
D:8 exclusion: oklob sapling
Lair:4 exclusion: oklob plant
Lair:5 exclusion: 2 oklob plants
Shoals:1 Aizul


Message History

Aiming: Iron Shot (dangerous; 9% risk of failure)
Press: ? - help, Shift-Dir - straight line, f/p - Aizul
Aim: Aizul (moderately wounded, ally target, 51% to hit)
You feel a surge of power!
The iron shot hits Aizul!!
Aizul is moderately wounded.
You feel very sick.
Your battlesphere fires!
The barrage of energy hits Aizul but does no damage.
Aizul is moderately wounded.
Aizul hits you but does no damage. Aizul hits you!
Casting: Iron Shot (dangerous; 9% risk of failure)
Confirm with . or Enter, or press ? or * to list all spells.
Aiming: Iron Shot (dangerous; 9% risk of failure)
Press: ? - help, Shift-Dir - straight line, f/p - Aizul
Aim: Aizul (moderately wounded, ally target, 51% to hit)
You feel a surge of power!
The iron shot hits Aizul!!
Aizul is severely wounded.
You feel very sick.
Your battlesphere fires!
The barrage of energy hits Aizul.
Aizul is severely wounded.
Aizul barely misses you.
Casting: Iron Shot (dangerous; 9% risk of failure)
Confirm with . or Enter, or press ? or * to list all spells.
Aiming: Iron Shot (dangerous; 9% risk of failure)
Press: ? - help, Shift-Dir - straight line, f/p - Aizul
Aim: Aizul (severely wounded, ally target, 51% to hit)
You feel a surge of power!
The iron shot misses Aizul.
You feel sick.
Your battlesphere fires!
The barrage of energy hits Aizul!
Aizul is severely wounded.
Aizul screams, "I'll haunt your nightmares!"
Aizul coils herself and waves her upper body at you.
The bolt of poison hits you!!
You are more poisoned.
* * * LOW HITPOINT WARNING * * *
Aizul coils herself and waves her upper body at you.
The poison arrow hits you!!
You are more poisoned.
You die...

..≈≈≈≈≈≈≈≈
P..≈≈≈.≈≈ ≈
P≈.....P≈ ≈≈
.....P... ≈≈.
....≈≈≈*# ....
.P......##..#
#.........#
#...@S...#
≈≈PP...≈≈≈≈≈≈..
≈≈≈≈..≈≈≈≈≈P≈≈≈
≈≈≈≈≈≈≈P≈≈≈P≈P≈
P≈≈≈≈≈P≈≈≈≈P.PP
≈≈≈≈≈...(..P≈≈≈
≈≈≈≈≈.##..≈≈≈≈≈
≈PP≈≈≈ #.≈≈≈≈≈


You could see Aizul (ally target) and a friendly battlesphere.

Vanquished Creatures
  Gastronok (Lair:3)
  A vault guard (D:14)
  3 fire dragons
  A rakshasa (D:15)
  An ice dragon (Lair:6)
  A boulder beetle (Lair:6)
  An ogre mage (D:15)
  4 centaur warriors
  9 hydras
  10 two-headed ogres
  A tengu warrior (D:13)
  7 death yaks (Lair:6)
  3 orc high priests
  Sonja (Lair:1)
  A swamp dragon (Lair:6)
  2 orc knights
  A harpy (shapeshifter) (D:13)
  5 orc sorcerers
  2 lindwurms (Lair:6)
  3 cyclopes (D:15)
  A manticore (D:15)
  An ugly thing (D:12)
  23 slime creatures
  4 molten gargoyles (D:14)
  2 torpor snails (Lair:6)
  5 black mambas
  4 cane toads
  Psyche (D:12)
  A rime drake (Lair:6)
  An unseen horror (D:12)
  A yaktaur (shapeshifter) (D:14)
  5 komodo dragons
  A tengu conjurer (D:14)
  4 trolls
  A jumping spider (Lair:2)
  5 hornets
  2 tyrant leeches (Lair:6)
  2 blink frogs (Lair:3)
  Prince Ribbit (D:7)
  Grinder (D:3)
  A dream sheep (Lair:5)
  The ghost of poml the Skirmisher, an amateur OgMo (D:4)
  A meliai zombie (D:11)
  4 shadows
  Sigmund (D:4)
  A vampire (D:10)
  2 wraiths
  3 water elementals (D:13)
  3 wyverns
  3 basilisks
  21 yaks
  A hog (shapeshifter) (D:15)
  3 wargs
  8 acid dragons
  6 water moccasins
  Duvessa (D:4)
  2 swamp drakes (Lair:6)
  An ice beast (D:7)
  2 black bears
  A necrophage (D:5)
  16 orc warriors
  4 ogres
  10 centaurs
  7 wolves
  2 phantoms
  2 elf zombies (Ossuary)
  8 bullfrogs
  A scorpion (D:6)
  A wyvern zombie (D:8)
  2 water moccasin zombies
  A water moccasin skeleton (D:4)
  Dowan (D:4)
  2 troll zombies (D:12)
  6 killer bees (D:5)
  3 wights
  4 howler monkeys
  A vampire bat (Orc:1)
  7 electric eels
  A crimson imp (D:5)
  5 centaur zombies
  5 hounds
  22 orc priests
  A centaur skeleton (D:6)
  4 human zombies (Ossuary)
  A gnoll shaman (D:5)
  An iguana (Lair:6)
  29 orc wizards
  A scorpion zombie (D:5)
  5 ogre zombies (D:12)
  3 mummies
  9 gnolls
  9 adders
  A shadow imp (D:6)
  A white imp (D:5)
  An ufetubus (D:6)
  A worm (D:3)
  5 dart slugs
  54 orcs
  12 ball pythons
  4 endoplasms
  6 giant cockroaches
  9 goblins
  5 hobgoblins
  9 jackals
  4 kobolds
  4 quokkas
  12 bats
  3 frilled lizards
  A goblin skeleton (D:12)
  2 goblin zombies (D:12)
  5 hobgoblin zombies (D:12)
  4 orc skeletons (D:12)
  8 orc zombies (D:12)
  6 rats
521 creatures vanquished.

Vanquished Creatures (collateral kills)
  A boulder beetle (D:11)
  A hydra (Lair:4)
  A two-headed ogre (D:12)
  A death yak (Lair:6)
  An orc high priest (Orc:2)
  Urug (Lair:1)
  2 orc sorcerers
  A deep elf pyromancer (D:14)
  An ugly thing (D:12)
  A cyclops (Orc:2)
  4 torpor snails (Lair:6)
  2 gargoyles (D:12)
  9 cane toads
  3 komodo dragons
  3 rime drakes
  2 polar bears
  A jumping spider (Lair:2)
  2 trolls
  A tyrant leech (Lair:6)
  4 hornets (Lair:6)
  5 slime creatures
  A blink frog (Lair:3)
  5 dream sheep (Lair:5)
  16 yaks
  2 basilisks
  2 acid dragons
  7 water moccasins
  8 orc warriors
  An ogre (Orc:1)
  3 centaurs
  10 wolves
  A bullfrog (Lair:2)
  An elf zombie (Ossuary)
  Blork the orc (D:4)
  A troll zombie (D:12)
  2 centaur zombies
  A human zombie (Ossuary)
  11 orc priests
  A gnoll shaman (D:8)
  An iguana (Lair:6)
  7 orc wizards
  A mummy (Ossuary)
  3 gnolls (D:8)
  2 adders (D:8)
  31 orcs
  2 ball pythons (D:8)
  2 hobgoblin zombies (D:12)
  An orc skeleton (D:12)
  2 orc zombies (D:12)
173 creatures vanquished.

Vanquished Creatures (others)
  An orc priest (Orc:2)
  A bush (D:8)
  108 foxfires
  28 fungi
  76 plants
214 creatures vanquished.

Grand Total: 908 creatures vanquished

Notes
Turn   | Place    | Note
-------+----------+-------------------------------------------
     0 | D:1      | Illumine the Deep Elf Cinder Acolyte began the quest for
                  | the Orb.
     0 | D:1      | Reached XP level 1. HP: 13/13 MP: 5/5
    80 | D:1      | Got the Volume of the Nocuous Compass
   442 | D:1      | Reached XP level 2. HP: 18/18 MP: 6/6
   469 | D:1      | Learned a level 2 spell: Scorch
   476 | D:1      | Reached skill level 2 in Spellcasting
   730 | D:1      | You fall into a shaft and drop 1 floor!
   940 | D:2      | Reached XP level 3. HP: 22/22 MP: 8/8
  1698 | D:2      | Reached skill level 3 in Spellcasting
  1734 | D:2      | Reached XP level 4. HP: 28/28 MP: 10/10
  2322 | D:3      | Found Suorchix's Antique Armour Shop.
  2942 | D:3      | Found a broken altar of Ashenzari.
  3185 | D:4      | Noticed a +0 hand axe
  3185 | D:4      | Noticed a +0 hand axe
  3185 | D:4      | Found a hide-covered altar of Uskayaw.
  3470 | D:4      | Noticed Grinder
  3549 | D:5      | Entered Level 5 of the Dungeon
  3549 | D:5      | Noticed a black bear
  3634 | D:4      | Noticed Sigmund
  3636 | D:4      | Reached skill level 4 in Spellcasting
  3636 | D:4      | Reached XP level 5. HP: 32/32 MP: 13/13
  3642 | D:3      | Learned a level 3 spell: Mephitic Cloud
  3742 | D:4      | Noticed a phantom
  3748 | D:3      | Killed a phantom
  3749 | D:3      | Reached skill level 1 in Conjurations
  3749 | D:3      | Reached skill level 5 in Fire Magic
  3749 | D:3      | Reached skill level 1 in Poison Magic
  3749 | D:3      | Reached XP level 6. HP: 31/37 MP: 14/14
  3989 | D:4      | Reached skill level 1 in Air Magic
  4048 | D:3      | Killed Grinder
  4049 | D:3      | Reached skill level 5 in Spellcasting
  4095 | D:4      | Killed Sigmund
  4096 | D:4      | Reached XP level 7. HP: 41/41 MP: 15/16
  4362 | D:4      | Noticed Dowan
  4375 | D:4      | Killed Dowan
  4425 | D:4      | Noticed Duvessa
  4786 | D:5      | Learned a level 4 spell: Airstrike
  4791 | D:5      | Learned a level 4 spell: Summon Lightning Spire
  4820 | D:5      | Reached XP level 8. HP: 34/48 MP: 13/18
  4999 | D:5      | Reached skill level 1 in Summonings
  5059 | D:5      | Reached skill level 6 in Spellcasting
  5139 | D:5      | Reached skill level 1 in Dodging
  5934 | D:5      | Found a snail-covered altar of Cheibriados.
  5935 | D:5      | Found an opulent altar of Gozag.
  6342 | D:6      | Reached skill level 5 in Air Magic
  6342 | D:6      | Reached XP level 9. HP: 42/52 MP: 21/21
  6359 | D:6      | Found a sand-covered staircase.
  6370 | Ossuary  | Entered an ossuary
  6432 | Ossuary  | Reached skill level 7 in Spellcasting
  7064 | D:6      | Found a shimmering blue altar of Sif Muna.
  7070 | D:6      | Found a shadowy altar of Dithmenos.
  7377 | D:6      | Found an ornate altar of the Wu Jian Council.
  7532 | D:6      | Reached skill level 5 in Conjurations
  7684 | D:7      | Reached skill level 5 in Fighting
  7753 | D:7      | Found a staircase to the Ecumenical Temple.
  8387 | D:8      | Noticed Prince Ribbit
  8387 | D:8      | Noticed a two-headed ogre
  8394 | D:7      | Killed Prince Ribbit
  8395 | D:7      | Reached skill level 8 in Spellcasting
  8444 | D:7      | Learned a level 5 spell: Lightning Bolt
  8596 | D:8      | Got Cunu's Almanac of the Mountains and Beguiling
  8622 | D:8      | Reached XP level 10. HP: 59/59 MP: 24/24
  8685 | D:8      | Found a sparkling altar of Nemelex Xobeh.
  8692 | D:8      | Killed a two-headed ogre
  8693 | D:8      | Reached skill level 5 in Dodging
  8997 | D:8      | Found a blossoming altar of Fedhas.
  9973 | D:10     | Entered Level 10 of the Dungeon
  9990 | D:10     | Reached skill level 1 in Evocations
 10237 | D:10     | Found a staircase to the Lair.
 10251 | D:10     | Reached skill level 1 in Staves
 10262 | Lair:1   | Entered Level 1 of the Lair of Beasts
 10281 | Lair:1   | Noticed Urug
 10383 | D:10     | Reached skill level 9 in Spellcasting
 10383 | D:10     | Reached skill level 5 in Summonings
 10781 | D:10     | Noticed a two-headed ogre
 10789 | D:10     | Killed a two-headed ogre
 10796 | D:10     | Reached XP level 11. HP: 35/64 MP: 7/26
 11605 | D:11     | Noticed a boulder beetle
 12173 | D:11     | Killed a boulder beetle
 12467 | D:12     | Found a staircase to the Orcish Mines.
 12467 | D:12     | Noticed a two-headed ogre
 12483 | D:12     | Killed a two-headed ogre
 12649 | D:4      | Noticed Blork the orc
 12655 | D:4      | Killed Blork the orc
 12698 | D:4      | Killed Duvessa
 12814 | D:4      | Found a runed translucent door.
 12814 | D:4      | Noticed poml's ghost (amateur OgMo)
 12827 | D:4      | Killed poml's ghost
 13402 | Lair:1   | Killed Urug
 13513 | Lair:1   | Noticed a four-headed hydra
 13521 | Lair:1   | Killed a four-headed hydra
 13522 | Lair:1   | Reached skill level 10 in Spellcasting
 13893 | Lair:1   | Noticed Sonja
 14130 | Lair:2   | Reached XP level 12. HP: 71/71 MP: 28/28
 14246 | Lair:2   | Found a hole to the Spider Nest.
 14529 | Lair:2   | Found a staircase to the Shoals.
 14641 | Lair:2   | Noticed an eight-headed hydra
 14646 | Lair:2   | Killed an eight-headed hydra
 14781 | Lair:3   | Noticed a seven-headed hydra
 14788 | Lair:3   | Killed a seven-headed hydra
 14789 | Lair:3   | Reached skill level 10 in Air Magic
 14923 | Lair:3   | Reached skill level 5 in Evocations
 14943 | Lair:3   | Learned a level 6 spell: Iron Shot
 14970 | Lair:3   | Reached skill level 1 in Earth Magic
 15409 | Lair:3   | Noticed Gastronok
 15470 | Lair:3   | Killed Gastronok
 15606 | Lair:3   | Reached skill level 11 in Spellcasting
 16245 | Lair:4   | Noticed a six-headed hydra
 16249 | Lair:4   | Killed a six-headed hydra
 16250 | Lair:4   | Reached XP level 13. HP: 76/76 MP: 19/30
 16594 | Lair:4   | Reached skill level 1 in Axes
 17411 | Lair:5   | Reached skill level 5 in Earth Magic
 17422 | Lair:5   | Learned a level 4 spell: Flame Wave
 18074 | Lair:6   | Entered Level 6 of the Lair of Beasts
 18505 | Lair:6   | Identified a scroll of acquirement
 18505 | Lair:6   | Acquired a book of Minor Magic
 18567 | Lair:6   | Found a runed translucent door.
 18942 | Lair:6   | Paralysed by a hornet for 3 turns
 19185 | Lair:6   | Found a staircase to the Slime Pits.
 19186 | Lair:6   | Found a viscous altar of Jiyva.
 19261 | Lair:6   | Reached skill level 12 in Spellcasting
 20325 | Lair:6   | Reached XP level 14. HP: 74/84 MP: 27/32
 20398 | Lair:6   | Reached skill level 10 in Dodging
 21336 | Lair:6   | Reached skill level 10 in Conjurations
 21336 | Lair:6   | Reached XP level 15. HP: 88/88 MP: 33/33
 21752 | Lair:1   | Killed Sonja
 22631 | D:12     | Noticed Psyche
 22637 | D:12     | Killed Psyche
 23679 | Orc:1    | Entered Level 1 of the Orcish Mines
 24612 | Orc:2    | Entered Level 2 of the Orcish Mines
 24612 | Orc:2    | Found a staircase to the Elven Halls.
 25000 | Orc:2    | Reached skill level 13 in Spellcasting
 25841 | Orc:2    | Found Cuimorit's Gadget Gallery.
 25849 | Orc:2    | Bought a phantom mirror for 440 gold pieces
 25871 | Orc:2    | Found Rirismet's Armour Boutique.
 25959 | Orc:2    | Found Xotisu Tiomn's Antique Armour Emporium.
 25959 | Orc:2    | Found Oschey's Antique Weapon Shoppe.
 25967 | Orc:2    | Found Kefitwok's Book Shoppe.
 25970 | Orc:2    | Found Kiun's Antique Weapon Emporium.
 25977 | Orc:2    | Bought a book of Power for 546 gold pieces
 25977 | Orc:2    | Bought the Tome of Creative Evil Rituals for 494 gold
                  | pieces
 25977 | Orc:2    | Bought a book of Spectacle for 416 gold pieces
 25984 | Orc:2    | Learned a level 6 spell: Starburst
 25990 | Orc:2    | Learned a level 5 spell: Iskenderun's Battlesphere
 26756 | D:13     | Found Guceckyko's Self-Improvement Boutique.
 26962 | D:13     | Upgraded the game from 0.28-a0-474-g5358390 to
                  | 0.28-a0-475-g7dc2aef
 27228 | D:13     | Found Joul's Weapon Boutique.
 27450 | D:13     | You fall into a shaft and drop 1 floor!
 28456 | D:14     | Found an ancient bone altar of Kikubaaqudgha.
 28927 | D:14     | Upgraded the game from 0.28-a0-475-g7dc2aef to
                  | 0.28-a0-476-g0f06bd7
 28954 | D:14     | Identified the +0 ring mail of Hawuhioness {Dex+2}
 29001 | D:14     | Found a gate to the Vaults.
 29397 | D:15     | Entered Level 15 of the Dungeon
 29455 | D:15     | Reached XP level 16. HP: 96/96 MP: 0/35
 29670 | D:14     | Reached skill level 1 in Shields
 30232 | D:15     | Found a glowing golden altar of the Shining One.
 30587 | D:15     | Reached skill level 10 in Fire Magic
 30818 | D:15     | Found a staircase to the Depths.
 31251 | D:15     | Identified the +6 hunting sling of Duty {freeze, Will+
                  | Int+3}
 31576 | Shoals:1 | Entered Level 1 of the Shoals
 31576 | Shoals:1 | Noticed Aizul
 31583 | Shoals:1 | Killed from afar by Aizul

Illustrated notes

Levels and vault maps discovered:
D:1:      heliophobic_arrival_glass_houses, layout_basic
D:2:      layout_loops_corners, bh_walls_and_bars
D:3:      layout_loops_corners, nicolae_ashenzari_skybound, serial_shops,
          nicolae_shop_crystal
D:4:      layout_loops_cross, dancing_weapons_uskayaw,
          ebering_ghost_inner_flame, corner_web_ring, uniq_duvessa,
          uniq_grinder, uniq_blork_the_orc, uniq_sigmund
D:5:      layout_basic, nicolae_overflow_hidden_temple, minmay_fire_ice_demons
D:6:      layout_rooms, nicolae_wu_jian_immortal_techniques, trog_wizard,
          mainiacjoe_overflow_big_doors, gup_ossuary_entry_pyramid
D:7:      layout_cave_pools, temple_green
D:8:      layout_cave_pools, general_overflow_altar,
          mainiacjoe_overflow_six_doors_small, introduction_to_nature_2,
          uniq_prince_ribbit1
D:9:      layout_loops_cross
D:10:     layout_irregular_city, david_lair_shrubbed, corexii_corridor_pit,
          chequers_serial_rivers_micro_e
D:11:     layout_basic
D:12:     layout_roguey, zombieorc2_lemuel, uniq_psyche
D:13:     layout_basic, serial_shops, shop, nicolae_shop_self_help
D:14:     layout_stronghold, david_vaults_5,
          nicolae_kikubaaqudgha_miasma_corner, minivault_8
D:15:     grunt_enter_depths_hoard, layout_loops_ring, tso_metal_star
Lair:1:   layout_chaotic_city, lemuel_fruit_tree, serial_bayou_shore_b,
          uniq_urug, uniq_sonja
Lair:2:   layout_regular_city, shoals_dummy_entry, spider_nest_entry_a,
          nicolae_lair_grove_arrangements, st_stairs_5,
          infiniplex_staircase_pool
Lair:3:   layout_cave_shapes, minmay_holes, uniq_gastronok
Lair:4:   layout_gridlike, serial_bayou_shore_b, grunt_megastairs_5,
          serial_bayou_shore_a
Lair:5:   layout_roguey, dpeg_oklob_1
Lair:6:   wormcave, layout_cellular_growth, guppyfry_lair_end_dragon,
          slime_altar_1, chequers_serial_rivers_large_a,
          chequers_serial_rivers_room_a
Shoals:1: layout_shoals, serial_shops, shop, uniq_frances, uniq_aizul,
          uniq_donald
Orc:1:    layout_diamond_mine, roderic_batcave, minmay_orc_temple_b
Orc:2:    st_orc_mages, layout_caves, serial_shops, nicolae_shop_behind_doors,
          nicolae_shop_gadgets

Skill      XL: |  1  2  3  4  5  6  7  8  9 10 11 12 13 14 15 16 |
---------------+-------------------------------------------------+-----
Spellcasting   | 2 3 4 5 6 8 9 10 11 12 13 | 13.6
Fire Magic     | 4 5 6 8 9 10 | 10.0
Fighting       | 3 4 5 6 7 8 9 |  9.3
Conjurations   | 1 2 3 4 5 6 7 8 9 10 11 12 | 12.1
Poison Magic   | 1 2 3 |  3.1
Air Magic      | 2 5 6 8 9 10 | 10.2
Summonings     | 2 3 5 6 7 |  7.6
Dodging        | 2 4 6 7 8 9 10 11 | 11.5
Evocations     | 2 4 6 7 9 |  9.6
Staves         | 1 3 |  3.0
Earth Magic    | 4 6 7 |  7.1
Axes           | 3 |  3.2
Shields        | 2 |  2.4
Short Blades   | |  3.1

Action                   |  1- 3 |  4- 6 |  7- 9 | 10-12 | 13-15 | 16-18 || total
-------------------------+-------+-------+-------+-------+-------+-------++-------
Melee: Short sword       |    27 |       |    36 |       |       |       ||    63
       Staff             |       |       |       |    15 |    91 |     4 ||   110
       War axe           |       |       |       |     2 |       |       ||     2
 Cast: Scorch            |    35 |    56 |   207 |   241 |   235 |       ||   774
       Airstrike         |       |       |     2 |     6 |    46 |       ||    54
       Summon Lightning  |       |       |     8 |    50 |    89 |       ||   147
       Lightning Bolt    |       |       |       |    15 |   108 |    20 ||   143
       Flame Wave        |       |       |       |       |    15 |     1 ||    16
       Iron Shot         |       |       |       |       |    30 |    29 ||    59
       Iskenderun's Batt |       |       |       |       |     7 |    13 ||    20
Invok: Foxfire Swarm     |     1 |       |     5 |       |     1 |       ||     7
       Sea of Fire       |       |       |       |       |     1 |       ||     1
  Use: Scroll            |       |     1 |     4 |    12 |    16 |     2 ||    35
       Potion            |       |       |       |     1 |     3 |       ||     4
 Stab: Sleeping          |     1 |       |       |       |       |       ||     1
       Distracted        |       |       |       |       |     1 |       ||     1
Armor: Robe              |    10 |     4 |    45 |    26 |    61 |     3 ||   149
Dodge: Dodged            |    23 |    23 |   114 |   165 |   216 |    14 ||   555

Table legend: (Time is in decaauts)
 A = Elapsed time spent in this place.
 B = Non-inter-level travel time spent in this place.
 C = Inter-level travel time spent in this place.
 D = Time resting spent in this place.
 E = Time spent auto-exploring this place.
 F = Levels seen in this place.
 G = Mean time per level.
                   A        B        C        D        E       F      G
               +--------+--------+--------+--------+--------+-----+--------+
         Total |  31770 |  30139 |   1631 |  10070 |  15163 |  25 | 1270.8 |
       Dungeon |  19417 |  18131 |   1286 |   5853 |   9537 |  15 | 1294.5 |
          Lair |   9254 |   8973 |    281 |   2835 |   4727 |   6 | 1542.3 |
        Shoals |      6 |      6 |      0 |      0 |      0 |   1 |    6.0 |
  Orcish Mines |   2526 |   2463 |     63 |   1008 |    894 |   2 | 1263.0 |
       Ossuary |    565 |    565 |      0 |    374 |      5 |   1 |  565.0 |
               +--------+--------+--------+--------+--------+-----+--------+

Top non-repeatable levels by time:
  Lair:6: 3347 daAuts
    D:14: 1862 daAuts
    D:12: 1849 daAuts
     D:5: 1699 daAuts
     D:3: 1671 daAuts
    D:15: 1549 daAuts
     D:4: 1491 daAuts
   Orc:1: 1417 daAuts
    D:13: 1350 daAuts
  Lair:1: 1329 daAuts
     D:2: 1301 daAuts
    D:11: 1292 daAuts
    D:10: 1281 daAuts
  Lair:4: 1213 daAuts
  Lair:5: 1186 daAuts
